 Dungeon Crawl Stone Soup version 0.27-a0-1202-ge72e49191c (webtiles) character file.

Game seed: 11017911634460963439

163 robertstho the Magician (level 5, -3/37 HPs)
             Began as a Djinni Fire Elementalist on June 3, 2021.
             Was an Initiate of Gozag.
             Killed from afar by Natasha (5 damage)
             ... with a magic dart
             ... on level 4 of the Dungeon.
             The game lasted 00:06:23 (4487 turns).

robertstho the Magician (Djinni Fire Elementalist)  Turns: 4487, Time: 00:06:24

Health: -3/37      AC:  6    Str:  7    XL:     5   Next: 73%
Gold:   166        EV: 12    Int: 18    God:    Gozag SH:  0 Dex: 13

rFire    + + .     SeeInvis .   r - +0 falchion
rCold    x . .     Faith    .   (no shield)
rNeg     . . .     Spirit   .   a - +0 robe
rPois    ∞         Reflect  .   (no helmet)
rElec    .         Harm     .   (no cloak)
rCorr    .         Rampage  .   (no gloves)
Will     .....                  (boots unavailable)
Stlth    ++........             (no amulet)
HPRegen  0.12/turn              s - +4 ring of protection
MPRegen  0.00/turn              (no ring)

@: flying
A: sickness immunity, fire resistance 2, cold vulnerability 1, float, innate
caster, hp casting, extra vitality 1
a: Renounce Religion, Potion Petition, Call Merchant, Bribe Branch


You were on level 4 of the Dungeon.
You worshipped Gozag.
Gozag was aware of your devotion.
You visited 2 branches of the dungeon, and saw 5 of its levels.

You collected 267 gold pieces.
You paid 101 gold pieces to Gozag.

Inventory:

Hand Weapons
 p - a +0 dagger
 r - a +0 falchion (weapon)
Armour
 a - a +0 robe (worn)
Jewellery
 s - a +4 ring of protection (left hand)
Scrolls
 b - a scroll of brand weapon {unknown}
 f - a scroll of teleportation
 g - a scroll of vulnerability {unknown}
 h - a scroll of noise
 l - a scroll of magic mapping
 n - a scroll of fear
Potions
 c - a potion of berserk rage
 e - a potion of brilliance {unknown}
 j - a potion of lignification {unknown}
 k - a potion of invisibility {unknown}
 q - a potion of resistance {unknown}


   Skills:
 * Level 1.6 Fighting
 + Level 2.5 Dodging
 + Level 1.8 Stealth
 * Level 4.2 Spellcasting


You couldn't memorise any spells.
You knew the following spells:

 Your Spells              Type           Power      Damage    Failure   Level
a - Foxfire               Conj/Fire      72%        2x1d7     2%          1
b - Conjure Flame         Conj/Fire      18%        6-21      8%          3
c - Inner Flame           Hex/Fire       18%        N/A       8%          3
d - Sticky Flame          Conj/Fire      18%        2d4       26%         4
e - Fireball              Conj/Fire      9%         3d6       56%         5
f - Beastly Appendage     Tmut           36%        N/A       2%          1
g - Passwall              Tmut/Erth      15%        N/A       3%          2
Your spell library was empty.

Dungeon Overview and Level Annotations

Branches:
Dungeon (4/15)             Temple (1/1) D:4

Altars:
Ashenzari
Cheibriados
Dithmenos
Fedhas
Gozag
Hepliaklqana
Makhleb
Okawaru
Qazlal
Ru
Sif Muna
Trog
Uskayaw
Wu Jian
Xom
Yredelemnul
Zin

Shops:
D:2 =   D:3 *

Annotations:
D:3 3 runed translucent doors, McSplat's ghost, amateur DrWn
D:4 Natasha; Pikel


Innate Abilities, Weirdness & Mutations

You are immune to sickness and miasma.
You are immune to poison.
Your flesh is very heat resistant. (rF++)
You are vulnerable to cold. (rC-)
You float through the air rather than walking.
You learn spells naturally, not from books.
Your magical power is your life essence.
You have superior vitality. (+4 HP)


Message History

The spell is extremely dangerous to cast (26% risk of failure)!
Continue anyway?
Aiming: Sticky Flame (extremely dangerous; 26% risk of failure)
Press: ? - help, Shift-Dir - straight line, f - Pikel
Aim: Pikel, wielding a +2 whip of flaming and wearing a +0 robe (100% to hit)
You miscast Sticky Flame.
You are very lightly contaminated with residual magic.
The air around you burns with energy. You resist. Pikel barely misses you.
The lemure hits you.
Casting: Sticky Flame (extremely dangerous; 26% risk of failure)
Confirm with . or Enter, or press ? or * to list all spells.
The spell is extremely dangerous to cast (26% risk of failure)!
Continue anyway?
Aiming: Sticky Flame (extremely dangerous; 26% risk of failure)
Press: ? - help, Shift-Dir - straight line, f/p - Pikel
Aim: Pikel, wielding a +2 whip of flaming and wearing a +0 robe (100% to hit)
The sticky flame hits Pikel.
Pikel is lightly wounded.
Pikel is covered in liquid flames!
Pikel burns!
Pikel hits you with a +2 whip of flaming!
The lemure hits you.
* * * LOW HITPOINT WARNING * * *
Pikel burns!
Pikel hits you with a +2 whip of flaming.
* * * LOW HITPOINT WARNING * * *
Pikel burns you.
* * * LOW HITPOINT WARNING * * *
Okay, then.
Blink to where?
Press: ? - help, Dir - move target, p - Pikel
As you read the scroll of blinking, it crumbles to dust.
As you read the scroll of identify, it crumbles to dust.
c - a potion of berserk rage Pikel burns!
Pikel says, "Don't tell anyone, but I think Ereshkigal likes me."
Pikel burns!
Natasha, Servant of Life and Death comes into view.
Your magical contamination has completely faded away.
Natasha casts a spell at you. The magic dart hits you.
You die...
Your body crumbles into a pile of gold.

##. ##.. .. #... ## ....
#... #.# .....####...
##..##.......<.... #....
..###....... ##..# .
####.... ### ##.@#
#............(
##..##...##..#...#..^....
..#....#......#
...##......
.....#...##..##....
##.....
.....h...##5##..#.# ##....
..#.###..##....##.## .....
....##K##....##...##......
#............5>.........
#..........##5..##...)..


You could see Pikel, a lemure and Natasha.

Vanquished Creatures
  2 lemures (D:4)
  A hound (D:3)
  Natasha (D:4)
  A gnoll (D:1)
  An adder (D:2)
  An adder skeleton (D:4)
  3 worms
  2 dart slugs
  An orc (D:3)
  3 ball pythons
  3 endoplasms
  6 giant cockroaches
  4 goblins
  9 hobgoblins
  12 jackals
  5 kobolds
  2 quokkas
  8 bats
  4 rats
69 creatures vanquished.

Vanquished Creatures (others)
  385 foxfires
385 creatures vanquished.

Grand Total: 454 creatures vanquished

Notes
Turn   | Place    | Note
-------+----------+-------------------------------------------
     0 | D:1      | robertstho the Djinni Fire Elementalist began the quest for
                  | the Orb.
     0 | D:1      | Reached XP level 1. HP: 15/15 MP: 0/0
   150 | D:1      | Reached XP level 2. HP: 15/22 MP: 0/0
   151 | D:1      | Reached skill level 1 in Fighting
   482 | D:1      | Reached XP level 3. HP: 20/27 MP: 0/0
   482 | D:1      | Learned a level 1 spell: Beastly Appendage
   587 | D:1      | Reached skill level 3 in Spellcasting
  1476 | D:2      | Reached XP level 4. HP: 17/32 MP: 0/0
  2093 | D:2      | Found Kyepteil's Jewellery Shop.
  2300 | D:2      | Found a shimmering altar of Xom.
  2501 | D:2      | Found a faded altar of an unknown god.
  2959 | D:3      | Reached XP level 5. HP: 18/37 MP: 0/0
  2959 | D:3      | Learned a level 2 spell: Passwall
  3364 | D:3      | Found Fasoul's Assorted Antiques.
  3483 | D:3      | Found a runed translucent gate.
  3483 | D:3      | Found a runed translucent gate.
  3484 | D:3      | Found a runed translucent gate.
  3495 | D:3      | Reached skill level 4 in Spellcasting
  3546 | D:3      | Noticed McSplat's ghost (amateur DrWn)
  3912 | D:4      | Found a basalt altar of Yredelemnul.
  4007 | D:4      | Noticed a lemure
  4007 | D:4      | Noticed a lemure
  4007 | D:4      | Noticed Natasha
  4008 | D:4      | Noticed a lemure
  4010 | D:4      | Noticed Pikel
  4011 | D:4      | Killed Natasha
  4012 | D:4      | Noticed a lemure
  4031 | D:4      | Killed a lemure
  4035 | D:4      | Killed a lemure
  4040 | D:4      | Found a staircase to the Ecumenical Temple.
  4049 | Temple   | Entered the Ecumenical Temple
  4450 | Temple   | Became a worshipper of Gozag Ym Sagoz the Greedy
  4476 | D:4      | HP: 1/37 [Pikel/+2 whip of flaming (1)]
  4484 | D:4      | Noticed Natasha
  4487 | D:4      | Killed from afar by Natasha

Illustrated notes

Levels and vault maps discovered:
D:1:      minmay_arrival_stone_box, layout_rooms, serial_glass, glass_columns_a,
          glass_columns_b
D:2:      layout_rooms, serial_shops, shop_fountains,
          shapermc_ecumenical_altar_hornbeckon, basic_altar,
          grunt_ministairs_11, minmay_pentomino_u4
D:3:      layout_basic, ebering_ghost_rock_garden, serial_shops,
          nicolae_shop_behind_doors
D:4:      layout_cave_pools, amcnicky_altar_gilded, minmay_temple_entry_waves,
          uniq_pikel, uniq_natasha
Temple:   regret_index_temple_sphere_string

Skill      XL: |  1  2  3  4  5 |
---------------+----------------+-----
Fighting       | 1 |  1.6
Spellcasting   | 3 4 |  4.2
Dodging        | |  2.5
Stealth        | |  1.8

Action                   |  1- 3 |  4- 6 || total
-------------------------+-------+-------++-------
 Cast: Foxfire           |    84 |   147 ||   231
       Sticky Flame      |       |     3 ||     3
  Use: Scroll            |       |     7 ||     7
Armor: Robe              |     2 |     3 ||     5
Dodge: Dodged            |     7 |    15 ||    22
       Rpst.: Falchion   |       |     3 ||     3

Table legend: (Time is in decaauts)
 A = Elapsed time spent in this place.
 B = Non-inter-level travel time spent in this place.
 C = Inter-level travel time spent in this place.
 D = Time resting spent in this place.
 E = Time spent auto-exploring this place.
 F = Levels seen in this place.
 G = Mean time per level.
                   A        B        C        D        E       F      G
               +--------+--------+--------+--------+--------+-----+--------+
         Total |   4484 |   4409 |     75 |      0 |   3940 |   5 |  896.8 |
       Dungeon |   4060 |   4016 |     44 |      0 |   3549 |   4 | 1015.0 |
        Temple |    423 |    392 |     31 |      0 |    391 |   1 |  423.0 |
               +--------+--------+--------+--------+--------+-----+--------+

Top non-repeatable levels by time:
     D:2: 1627 daAuts
     D:1: 1318 daAuts
     D:3: 781 daAuts
  Temple: 423 daAuts
     D:4: 332 daAuts
